 Dungeon Crawl Stone Soup version 0.21.1-1-g345015fe64 (webtiles) character file.

1787 Naow the Cleaver (level 9, 0/72 HPs)
             Began as a Formicid Fighter on June 9, 2018.
             Slain by Joseph
             ... wielding a +0 quarterstaff
              (13 damage)
             ... on level 8 of the Dungeon.
             The game lasted 00:08:58 (5702 turns).

Naow the Cleaver (Formicid Fighter)                 Turns: 5702, Time: 00:08:59

Health: 0/72       AC:  8    Str: 25    XL:     9   Next: 29%
Magic:  9/9        EV:  9    Int:  7    God:
Gold:   361        SH: 10    Dex:  5    Spells: 8/8 levels left

rFire    + + .     SeeInvis +   s - +5 hand axe of Gluttony {holy, +Fly rF++ rC+ Dex-5}
rCold    + . .     Gourm    .   c - +0 shield
rNeg     . . .     Faith    .   b - +0 scale mail
rPois    .         Spirit   .   (helmet unavailable)
rElec    .         Reflect  .   w - +0 cloak
rCorr    .         Harm     .   (no gloves)
MR       .....                  (no boots)
Stlth    ..........             (no amulet)
HPRegen  0.22/turn              (no ring)
MPRegen  0.11/turn              (no ring)

@: no status effects
A: permanent stasis, dig shafts and tunnels, four strong arms, antennae 3
a: Dig, Shaft Self, Evoke Flight


You were on level 8 of the Dungeon.
You were hungry.

You visited 1 branch of the dungeon, and saw 8 of its levels.

You collected 361 gold pieces.

Inventory:

Hand Weapons
 a - a +0 war axe
 s - the +5 hand axe of Gluttony (weapon) {holy, +Fly rF++ rC+ Dex-5}
   (You found it on level 4 of the Dungeon)

   It has been blessed by the Shining One to cause great damage to the undead
   and demons.
   It affects your dexterity (-5).
   It greatly protects you from fire.
   It protects you from cold.
   It lets you fly.
Armour
 b - a +0 scale mail (worn)
 c - a +0 shield (worn)
 w - a +0 cloak (worn)
Jewellery
 j - an uncursed amulet of regeneration {unknown}
 v - a cursed +1 ring of evasion {unknown}
 x - a +1 ring of protection {unknown}
Scrolls
 e - 3 scrolls of remove curse {unknown}
 h - 6 scrolls of identify {unknown}
 i - 3 scrolls of fear {unknown}
 l - 4 scrolls of teleportation {unknown}
 n - a scroll of fog {unknown}
 o - a scroll of magic mapping {unknown}
 p - 2 scrolls of enchant weapon {unknown}
 r - a scroll of amnesia {unknown}
 u - a scroll of enchant armour {unknown}
Potions
 d - 2 potions of lignification {unknown}
 g - 3 potions of agility
 k - a potion of heal wounds {unknown}
 m - a potion of curing
 q - a potion of mutation {unknown}
 t - a potion of magic {unknown}
 z - a potion of haste {unknown}
Comestibles
 f - 13 rations
 A - 4 chunks of flesh


   Skills:
 + Level 7.1 Fighting
 * Level 8.3 Axes
 - Level 3.3 Armour
 + Level 7.7 Shields


You had 8 spell levels left.
You didn't know any spells.

Dungeon Overview and Level Annotations

Branches:
Dungeon (7/15)
 Temple: D:4-7

Altars:
Kikubaaqudgha
Sif Muna
Yredelemnul

Annotations:
D:8 Joseph


Innate Abilities, Weirdness & Mutations

You cannot be hasted, slowed, berserked, paralysed or teleported.
You can dig through walls and to a lower floor.
Your four strong arms can wield two-handed weapons with a shield.
You have a pair of large antennae on your head. (SInv)


Message History

You feel somewhat more hungry.
You are feeling hungry.
The orc warrior hits you with a trident!
* * * LOW HITPOINT WARNING * * *
You begin to dig a shaft.
You continue digging a shaft.
The orc warrior hits you but does no damage.
A shaft appears beneath you!
You fall through a shaft!
The shaft crumbles and collapses.
Joseph, a Mercenary comes into view.
He is wielding a quarterstaff.
Joseph shouts!
You retract your mandibles.
You slash Joseph!
Joseph is lightly wounded.
You barely miss Joseph.
Joseph is lightly wounded.
Joseph barely misses you.
You slash Joseph!
Joseph is moderately wounded.
Joseph hits you with a quarterstaff!
You die...

#######
#..@@.#
#.###.....#
.. ....#
... ....
#.. ... #.
.. # .


You could see Joseph.

Vanquished Creatures
  The ghost of shachar58 the Archer, an amateur CeHu (D:3)
  An orc warrior (D:7)
  2 sky beasts
  2 ogres
  A necrophage (D:5)
  A centaur (D:7)
  A bullfrog (D:6)
  2 scorpions (D:4)
  6 killer bees (D:7)
  2 crimson imps
  A quasit (D:3)
  4 hounds
  A centaur skeleton (D:5)
  An orc wizard (D:7)
  5 worker ants
  A hound zombie (D:7)
  4 gnolls (D:3)
  A howler monkey skeleton (D:6)
  5 adders
  A shadow imp (D:5)
  2 oozes
  2 adder skeletons
  2 worms
  A dart slug (D:3)
  5 leopard geckos
  6 orcs
  A ball python (D:1)
  8 bats
  8 giant cockroaches
  6 goblins
  8 hobgoblins
  5 jackals
  3 kobolds
  A quokka (D:3)
  8 frilled lizards
  A quokka skeleton (D:6)
  6 rats
  A spectral orc (D:2)
117 creatures vanquished.

Notes
Turn   | Place    | Note
-------+----------+-------------------------------------------
     0 | D:1      | Naow the Formicid Fighter began the quest for the Orb.
     0 | D:1      | Reached XP level 1. HP: 18/18 MP: 1/1
    55 | D:1      | Reached XP level 2. HP: 23/24 MP: 2/2
   441 | D:1      | Reached XP level 3. HP: 30/30 MP: 3/3
  1036 | D:2      | Reached skill level 3 in Axes
  1036 | D:2      | Reached XP level 4. HP: 28/37 MP: 4/4
  1410 | D:2      | Found an ancient bone altar of Kikubaaqudgha.
  1531 | D:2      | Found a basalt altar of Yredelemnul.
  1755 | D:3      | Noticed shachar58's ghost (amateur CeHu)
  2019 | D:3      | Reached XP level 5. HP: 17/42 MP: 5/5
  2233 | D:3      | Reached skill level 4 in Axes
  2290 | D:3      | Found a deep blue altar of Sif Muna.
  2656 | D:4      | Reached XP level 6. HP: 46/49 MP: 6/6
  2812 | D:4      | Reached skill level 5 in Shields
  2872 | D:4      | Noticed an ogre
  2921 | D:3      | Killed shachar58's ghost
  2921 | D:3      | Reached skill level 5 in Fighting
  2921 | D:3      | Reached skill level 5 in Axes
  2921 | D:3      | Reached XP level 7. HP: 30/56 MP: 7/7
  3507 | D:4      | Got a twisted hand axe
  3508 | D:4      | Identified the +5 hand axe of Gluttony {holy, +Fly rF++ rC+ Dex-5} (You found it on level 4 of the Dungeon)
  3665 | D:5      | Entered Level 5 of the Dungeon
  3791 | D:5      | Reached skill level 6 in Axes
  3920 | D:5      | Reached XP level 8. HP: 38/64 MP: 8/8
  4484 | D:5      | Found an ancient bone altar of Kikubaaqudgha.
  4623 | D:6      | Reached skill level 7 in Axes
  5302 | D:7      | Reached XP level 9. HP: 16/71 MP: 9/9
  5315 | D:7      | Reached skill level 8 in Axes
  5699 | D:7      | You fall through a shaft!
  5699 | D:8      | Noticed Joseph
  5702 | D:8      | Slain by Joseph

Skill      XL: |  1  2  3  4  5  6  7  8  9 |
---------------+----------------------------+-----
Shields        | 4 5 6 7 |  7.7
Axes           | 3 4 5 6 7 8 |  8.3
Fighting       | 4 5 6 7 |  7.1
Armour         | |  3.3

Action                   |  1- 3 |  4- 6 |  7- 9 || total
-------------------------+-------+-------+-------++-------
Melee: War axe           |    94 |   152 |    67 ||   313
       Hand axe          |       |       |   167 ||   167
 Abil: Dig               |       |       |     1 ||     1
       Shaft Self        |       |       |     1 ||     1
  Use: Potion            |       |       |     4 ||     4
  Eat: Chunk             |       |     5 |     4 ||     9
       Ration            |       |       |     2 ||     2
Armor: Scale mail        |    28 |    95 |    54 ||   177
Dodge: Dodged            |    31 |    66 |    77 ||   174
Block: Shield            |    47 |    95 |   114 ||   256
